 Dungeon Crawl Stone Soup version bcrawl-1.37.1 (webtiles) character file.

Game seed: 16802099720304400323

483941 KristoblXynda the Fencer (level 16, -5/149 HPs)
             Began as a White Draconian Gladiator on Sept 20, 2022.
             Was the Champion of Cheibriados.
             Shot with an arrow by a centaur warrior (8 damage)
             ... on level 2 of the Depths on Oct 23, 2022.
             The game lasted 00:47:58 (27976 turns).

KristoblXynda the Fencer (DrGl)                    Turns: 27976, Time: 00:47:59

Health: -5/149     AC: 17    Str: 39    XL:     16   Next: 34%
Magic:  23/23      EV: 28    Int: 30    God:    Cheibriados [******]
Gold:   1398       SH:  8    Dex: 30    Spells: 19/22 levels left

rFire    + . .     GDR:     38% a - +2 scimitar (flame)
rCold    + . .     SeeInvis +   (no shield)
rNeg     . . .     Gourm    .   (armour unavailable)
rPois    +         Faith    .   J - +1 hat {Int+3}
rElec    .         Spirit   .   P - +2 cloak {+Inv}
rCorr    .         Reflect  .   n - +1 pair of gloves
MR       +....     Clarity  +   s - +1 pair of boots
Stlth    ++........             b - amulet of Memmuet {Regen SInv}
HPRegen  1.03/turn              L - ring of Duutti Josu {rPois rF+}
MPRegen  0.18/turn              O - +6 ring of strength

@: about to teleport, very slightly contaminated, heavily drained, very slow
A: breathe frost, unfitting armour, cold resistance 1, cold-blooded, AC +9
a: Breathe Frost, Bend Time, Defer, Temporal Distortion, Step From Time,
Renounce Religion, Evoke Invisibility


You were on level 2 of the Depths.
You worshipped Cheibriados.
Cheibriados was exalted by your worship.
You were hungry.

You visited 5 branches of the dungeon, and saw 22 of its levels.
You also visited: Gauntlet and Ice Cave.

You collected 2742 gold pieces.
You spent 1344 gold pieces at shops.

Inventory:

Hand Weapons
 a - a +2 scimitar of flaming (weapon)
Missiles
 d - a throwing net {=f}
 N - 342 javelins (quivered)
Armour
 n - a +1 pair of gloves (worn)
 s - a +1 pair of boots (worn)
 J - a +1 hat of intelligence (worn)
 P - a +2 cloak of invisibility (worn)
Jewellery
 b - the amulet of Memmuet (around neck) {Regen SInv}
   (You bought it in a shop in the Orcish Mines)

   [amulet of regeneration]

   It lets you see invisible.
 y - an uncursed ring of insulation
 E - an uncursed ring of see invisible
 L - the ring of Duutti Josu (left hand) {rPois rF+}
   (You found it in a Gauntlet)

   [ring of poison resistance]

   It protects you from fire.
   It protects you from poison.
 O - a +6 ring of strength (right hand)
Wands
 w - a wand of iceblast (6)
 F - a wand of disintegration (10)
 H - a wand of acid (3)
Scrolls
 f - 6 scrolls of amnesia
 h - 2 scrolls of magic mapping
 m - a scroll of immolation
 o - 5 scrolls of teleportation
 q - 8 scrolls of remove curse
 r - a scroll of enchant armour
Potions
 j - 3 potions of lignification
 k - 2 potions of cancellation
 l - 16 potions of curing
 p - 3 potions of might
 t - 4 potions of brilliance
 u - a potion of agility
 x - 2 potions of magic
 z - 3 potions of ambrosia
 A - 3 potions of flight
 B - 5 potions of mutation
 K - 2 potions of invisibility
Miscellaneous
 g - a sack of spiders
 Q - a sack of spiders
Comestibles
 e - 36 rations {!d}


   Skills:
 - Level 15.0(12.1) Fighting
 + Level 16.7(13.6) Long Blades
 - Level 2.0(0.0) Throwing
 + Level 14.2(11.3) Dodging
   Level 4.7(2.4) Shields
 + Level 3.5(1.3) Spellcasting
 - Level 5.4(3.1) Invocations
 - Level 10.2(7.5) Evocations


You had 19 spell levels left.
You knew the following spells:

 Your Spells              Type           Power        Failure   Level  Hunger
a - Ozocubu's Armour      Chrm/Ice       #.......     26%         3    #####..

Your spell library contained the following spells:

 Spells                   Type           Power        Failure   Level  Hunger
 Throw Frost              Conj/Ice       #.....       5%          2    ###....
 Freeze                   Ice            #.....       9%          1    None
 Magic Dart               Conj           #...         9%          1    None
 Sandblast                Erth           #.....       9%          1    None
 Slow                     Hex            #.......     9%          1    None
 Blink                    Tloc           N/A          13%         2    ###....
 Call Imp                 Summ           #.....       13%         2    ###....
 Ensorcelled Hibernation  Hex/Ice        #.....       13%         2    ###....
 Flaming Arrows           Chrm/Fire      #.......     13%         2    ###....
 Passwall                 Tmut/Erth      #.......     13%         2    ###....
 Confuse                  Hex            #.......     26%         3    #####..
 Conjure Flame            Conj/Fire      #.......     26%         3    #####..
 Dazzling Orbs            Conj/Hex       #......      26%         3    #####..
 Mephitic Cloud           Conj/Pois/Air  #.......     26%         3    #####..
 Spider Form              Tmut/Pois      #..          26%         3    #####..
 Stone Arrow              Conj/Erth      #.....       26%         3    #####..
 Tukima's Dance           Hex            #.......     26%         3    #####..
 Cause Fear               Hex            #.........   65%         4    ######.
 Petrify                  Tmut/Erth      #.........   65%         4    ######.
 Throw Icicle             Conj/Ice       #.......     65%         4    ######.
 Yara's Violent Unravell  Hex/Tmut       #.........   65%         4    ######.
 Lee's Rapid Deconstruct  Erth           #.........   94%         5    #######
 Metabolic Englaciation   Hex/Ice        #.........   94%         5    #######
 Death Channel            Chrm/Necr      #.........   100%        6    #######
 Iron Shot                Conj/Erth      #.........   100%        6    #######
 Ozocubu's Refrigeration  Ice            #.........   100%        6    #######
 Poison Arrow             Conj/Pois      #.........   100%        6    #######
 Mana Rupture             Conj/Hex       #.........   100%        7    #######


Dungeon Overview and Level Annotations

Branches:
Dungeon (12/12)            Temple (1/1) D:6            Lair (6/6) D:9
  Swamp (0/3) Lair:2        Snake (0/3) Lair:3        Slime (0/5) Lair:6
    Orc (1/1) D:8             Elf (0/3) Orc          Vaults (0/3) D:12
 Depths (2/5) D:12

Altars:
Ashenzari
Cheibriados
Dithmenos
Elyvilon
Fedhas
Gozag
Hepliaklqana
Kikubaaqudgha
Lugonu
Makhleb
Nemelex Xobeh
Okawaru
Qazlal
Ru
Sif Muna
Trog
Uskayaw
Vehumet
Wu Jian
Xom
Yredelemnul
Zin
The Shining One
Jiyva

Shops:
D:5 :!   D:6 :   D:9 !   D:12 [   Orc *[:=(

Portals:
Hell: Depths:1

Annotations:
D:1 2 transporters
D:4 3 runed translucent doors, Exe's ghost, amateur DsBe; yrara's ghost, amateur DsFi


Innate Abilities, Weirdness & Mutations

You can breathe waves of freezing cold.
You can buffet flying creatures when you breathe cold.
Your icy white scales are hard. (AC +9)
You cannot fit into any form of body armour.
Your flesh is cold resistant. (rC+)
You are cold-blooded and may be slowed by cold attacks.


Message History

The centaur warrior completely misses you.
The fire giant completely misses you.
The centaur warrior unwields a +0 shortbow.
The centaur warrior closely misses you. The centaur warrior misses you.
You block the centaur warrior's attack.
Okay, then.
As you read the scroll of teleportation, it crumbles to dust.
You feel strangely unstable. The centaur warrior hits you!
* * * LOW HITPOINT WARNING * * *
The centaur warrior completely misses you.
You block the centaur warrior's attack.
The fire giant hits you with a +1 great sword of flaming.
* * * LOW HITPOINT WARNING * * *
The fire giant burns you.
* * * LOW HITPOINT WARNING * * *
The centaur warrior closely misses you.
No path to travel!
The centaur warrior wields a +0 longbow of velocity.
The centaur warrior shoots an arrow.
The arrow hits you!
You die...

...............
..............#
..........C...#
.#....?.....C.#
.c.....§§§....#
.c.<..§§§§§...#
...c§§ccC§§...+
.....cc§C§§...#
..#...c@§§§...#
#........[..#
#......§....#
#.#####+#####
#. #


You could see a fire giant, a stone giant and 5 centaur warriors.

Vanquished Creatures
  Rupert (Lair:4)
  Kirke (Lair:4)
  A frost giant (IceCv)
  2 orc warlords
  A minotaur (Gauntlet)
  Nessos (Lair:5)
  3 dire elephants (Lair:6)
  An ettin (Depths:1)
  Snorg (Lair:5)
  The ghost of Morbidden the Grappler, a journeyman TrAc of Cheibriados (D:10)
  A hell beast (Depths:1)
  An ice dragon (Depths:1)
  5 hydras
  2 vault guards (D:12)
  A catoblepas (D:11)
  A great orb of eyes (Gauntlet)
  9 two-headed ogres
  An ogre mage (D:12)
  A queen ant (Lair:4)
  A death knight (D:12)
  A tengu warrior (D:8)
  3 death yaks (Lair:6)
  A deep troll earth mage (Depths:1)
  An orc high priest (Orc)
  Nergalle (Orc)
  A soul eater (Depths:1)
  4 centaur warriors
  3 deep trolls (Depths:1)
  2 hell knights (Depths:1)
  A fire crab (shapeshifter) (D:12)
  2 spectral death yaks (Lair:6)
  An unseen horror (D:12)
  A spectral anaconda (Lair:6)
  A glowing orange brain (D:12)
  2 cyclopes (D:12)
  An obsidian statue (Lair:6)
  5 necromancers
  3 wizards
  3 orc knights
  4 orc sorcerers
  A deep elf mage (D:12)
  A manticore (D:6)
  6 ugly things
  3 oklob plants (Lair:1)
  A rust devil (Depths:1)
  An ice statue (IceCv)
  15 elephants
  A black mamba (shapeshifter) (D:12)
  A guardian serpent (shapeshifter) (D:12)
  3 black mambas
  A smoke demon (Gauntlet)
  2 minotaur zombies (Gauntlet)
  A cane toad (shapeshifter) (Depths:1)
  11 cane toads
  A dire elephant skeleton (Lair:6)
  3 rime drakes
  3 kobold demonologists (D:10)
  A yaktaur (D:12)
  2 ice devils (Lair:3)
  5 komodo dragons
  3 freezing wraiths
  A queen bee (Lair:2)
  2 tengu conjurers
  6 meliai (D:11)
  7 trolls
  A red devil (Depths:1)
  A merfolk (D:11)
  2 wind drakes (shapeshifter) (D:12)
  10 blink frogs
  13 hippogriffs
  A harpy skeleton (D:9)
  19 polar bears
  Grinder (D:3)
  2 bog bodies (Lair:2)
  5 slime creatures (D:12)
  11 dream sheep
  Grum (Lair:5)
  A shadow (D:10)
  A meliai zombie (D:12)
  A dire elephant simulacrum (Lair:6)
  5 wyverns
  Sigmund (D:2)
  3 wraiths (D:12)
  19 humans (D:12)
  7 basilisks
  5 hungry ghosts
  68 yaks
  A hog (Lair:4)
  A steam dragon (D:12)
  7 vampire mosquitoes
  A spectral cane toad (Lair:6)
  A death yak simulacrum (Lair:6)
  A warg (Orc)
  2 swamp worms (Lair:2)
  3 nagas (Lair:3)
  An acid dragon (Lair:3)
  7 water moccasins
  7 crocodiles
  6 porcupines
  A soldier ant (shapeshifter) (D:12)
  5 sky beasts
  26 orc warriors
  3 black bears
  4 soldier ants (Lair:4)
  6 ogres
  4 elephant zombies (Lair:6)
  An ice beast (D:9)
  3 phantoms
  20 wolves
  16 bullfrogs
  10 kobold brigands
  Blork the orc (Orc)
  2 gnoll sergeants
  A cane toad simulacrum (Lair:6)
  5 centaurs
  4 scorpions
  2 troll zombies (D:8)
  4 elephant simulacra (Lair:6)
  25 killer bees (Lair:2)
  9 wights
  A vampire bat (D:3)
  4 electric eels
  14 orc priests
  A howler monkey (D:10)
  5 crimson imps
  11 hounds
  23 orc wizards
  4 gnoll shamans
  2 bullfrog skeletons
  2 iguanas
  18 worker ants
  A porcupine skeleton (D:9)
  6 ogre zombies (D:8)
  2 hound zombies
  3 hound skeletons
  Robin (D:2)
  44 gnolls
  11 adders
  A gnoll (shapeshifter) (Orc)
  2 shadow imps
  A white imp (Gauntlet)
  3 oozes
  2 adder skeletons (D:4)
  An adder zombie (D:6)
  5 worms
  3 dart slugs
  3 fire bats (D:3)
  4 leopard geckos
  56 orcs
  2 spectral bats (D:3)
  17 bats
  3 bat skeletons (D:3)
  A bat zombie (D:3)
  4 giant cockroaches
  13 goblins
  14 hobgoblins
  40 jackals
  20 kobolds
  5 quokkas
  2 ball pythons
  A bat simulacrum (D:3)
  5 frilled lizards
  A goblin skeleton (D:8)
  5 goblin zombies (D:8)
  A hobgoblin skeleton (D:8)
  2 hobgoblin zombies (D:8)
  4 orc skeletons (D:8)
  11 orc zombies (D:8)
  A quokka skeleton (D:6)
  A quokka zombie (D:5)
  3 rats
  A fungus (Lair:2)
  A withered plant (Lair:6)
919 creatures vanquished.

Vanquished Creatures (collateral kills)
  A hydra (Lair:3)
  A soldier ant (Lair:4)
2 creatures vanquished.

Vanquished Creatures (others)
  A hydra (D:11)
  An unseen horror (D:12)
  A necromancer (Depths:1)
  6 humans (Lair:4)
  An orc warrior (Orc)
  A wolf (IceCv)
  2 worker ants (Lair:4)
  17 fungi
  10 plants
  13 withered plants (Lair:6)
53 creatures vanquished.

Grand Total: 974 creatures vanquished

Notes
Turn   | Place    | Note
-------+----------+-------------------------------------------
     0 | D:1      | KristoblXynda the Draconian Gladiator began the quest for
                  | the Orb.
     0 | D:1      | Reached XP level 1. HP: 19/19 MP: 1/1
    42 | D:1      | Reached XP level 2. HP: 22/26 MP: 2/2
   285 | D:1      | Reached XP level 3. HP: 13/33 MP: 3/3
  1234 | D:2      | Noticed Robin
  1256 | D:2      | Killed Robin
  1277 | D:2      | Reached skill level 4 in Long Blades
  1277 | D:2      | Reached XP level 4. HP: 35/40 MP: 4/4
  1625 | D:2      | Reached XP level 5. HP: 46/46 MP: 5/5
  1843 | D:2      | Found a shimmering blue altar of Sif Muna.
  1857 | D:2      | Found a shattered altar of Ashenzari.
  2277 | D:2      | Noticed Sigmund
  2294 | D:2      | Killed Sigmund
  2295 | D:2      | Reached skill level 5 in Long Blades
  2295 | D:2      | Reached XP level 6. HP: 39/53 MP: 6/6
  2501 | D:3      | Noticed a hippogriff
  2515 | D:3      | Killed a hippogriff
  2516 | D:3      | Reached skill level 5 in Fighting
  2573 | D:3      | Your scales start taking on an icy white colour.
  2573 | D:3      | Reached XP level 7. HP: 53/61 MP: 7/7
  2573 | D:3      | Gained mutation: Your flesh is cold resistant. (rC+) [White
                  | Draconian growth]
  2581 | D:3      | Reached skill level 6 in Long Blades
  3678 | D:3      | Reached skill level 7 in Long Blades
  3866 | D:3      | Reached XP level 8. HP: 26/70 MP: 8/8
  3881 | D:3      | Reached skill level 5 in Dodging
  4685 | D:3      | Noticed Grinder
  4691 | D:3      | Paralysed by Grinder for 4 turns
  4701 | D:3      | Killed Grinder
  5092 | D:4      | Reached skill level 8 in Long Blades
  5188 | D:4      | Found a runed translucent gate.
  5188 | D:4      | Found a runed translucent gate.
  5188 | D:4      | Found a runed translucent gate.
  5881 | D:4      | Noticed yrara's ghost (amateur DsFi)
  5881 | D:4      | Noticed Exe's ghost (amateur DsBe)
  5947 | D:5      | Entered Level 5 of the Dungeon
  5966 | D:5      | Found Jovigh Viar's Book Shop.
  6171 | D:5      | Reached XP level 9. HP: 79/79 MP: 9/9
  6177 | D:5      | Found a sparkling altar of Nemelex Xobeh.
  6340 | D:5      | Found Copear's Distillery.
  6380 | D:5      | Bought a potion of mutation for 96 gold pieces
  6380 | D:5      | Bought a potion of heal wounds for 60 gold pieces
  6380 | D:5      | Bought a potion of degeneration for 12 gold pieces
  6525 | D:5      | Reached skill level 9 in Long Blades
  7278 | D:6      | Found a sparkling altar of Nemelex Xobeh.
  7469 | D:6      | Found Omuomp's Book Emporium.
  7503 | D:6      | Reached skill level 10 in Long Blades
  7853 | D:6      | Noticed a manticore
  7871 | D:6      | Killed a manticore
  8074 | D:6      | Reached XP level 10. HP: 90/90 MP: 10/10
  8331 | D:6      | Found a staircase to the Ecumenical Temple.
  8684 | Temple   | Entered the Ecumenical Temple
  9257 | Temple   | Became a worshipper of Cheibriados the Contemplative
  9464 | D:7      | Reached * piety under Cheibriados
  9520 | D:7      | Reached skill level 11 in Long Blades
 10734 | D:8      | Reached ** piety under Cheibriados
 10739 | D:8      | Reached skill level 1 in Invocations
 10824 | D:8      | Found a staircase to the Orcish Mines.
 11099 | D:8      | Reached *** piety under Cheibriados
 11824 | D:9      | Noticed a tengu warrior
 12082 | D:8      | Reached XP level 11. HP: 70/99 MP: 13/13
 12187 | D:8      | Reached skill level 10 in Fighting
 12231 | D:8      | Killed a tengu warrior
 12397 | D:9      | Reached skill level 12 in Long Blades
 12510 | D:9      | Reached **** piety under Cheibriados
 12520 | D:9      | Found a staircase to the Lair.
 12754 | D:9      | Found Rykk's Distillery.
 12765 | D:9      | Bought 2 potions of might for 96 gold pieces
 12765 | D:9      | Bought a potion of curing for 30 gold pieces
 12765 | D:9      | Bought a potion of curing for 30 gold pieces
 12765 | D:9      | Bought a potion of curing for 30 gold pieces
 12981 | D:10     | Entered Level 10 of the Dungeon
 13060 | D:10     | Reached skill level 5 in Invocations
 13592 | D:10     | Noticed a brown ugly thing
 13602 | D:10     | Killed a brown ugly thing
 13700 | D:10     | Found a runed translucent gate.
 13700 | D:10     | Found a runed translucent gate.
 13727 | D:10     | Found a runed translucent gate.
 13731 | D:10     | Noticed Morbidden's ghost (journeyman TrAc)
 13791 | D:10     | Killed Morbidden's ghost
 13791 | D:10     | Reached ***** piety under Cheibriados
 14034 | D:10     | Noticed a six-headed hydra
 14085 | D:11     | Noticed a seven-headed hydra
 14085 | D:11     | Noticed a centaur warrior
 14152 | Lair:1   | Entered Level 1 of the Lair of Beasts
 14188 | Lair:1   | Reached XP level 12. HP: 103/110 MP: 16/16
 14731 | Lair:1   | Reached skill level 13 in Long Blades
 14731 | Lair:1   | Reached skill level 10 in Dodging
 14773 | Lair:1   | Identified the Tome of Harmful Talismans
 15191 | Lair:2   | Found a gate leading to a gauntlet.
 15199 | Gauntlet | Entered a Gauntlet
 15199 | Gauntlet | Found a transporter.
 15199 | Gauntlet | Found a transporter.
 15295 | Gauntlet | Found a transporter.
 15299 | Gauntlet | Found a transporter.
 15309 | Gauntlet | Found a transporter.
 15313 | Gauntlet | Found a transporter.
 15323 | Gauntlet | Found a transporter.
 15343 | Gauntlet | Noticed a great orb of eyes
 15344 | Gauntlet | Found a transporter.
 15363 | Gauntlet | Found a transporter.
 15365 | Gauntlet | Found a transporter.
 15375 | Gauntlet | Found a transporter.
 15379 | Gauntlet | Found a transporter.
 15700 | Gauntlet | Killed a great orb of eyes
 15708 | Gauntlet | Reached ****** piety under Cheibriados
 15753 | Gauntlet | Got a brightly glowing golden ring
 15754 | Gauntlet | Identified the ring of Duutti Josu {rPois rF+} (You found
                  | it in a Gauntlet)
 15780 | Gauntlet | Noticed a minotaur
 15786 | Gauntlet | Killed a minotaur
 15878 | Gauntlet | Got a steaming pewter ring
 16032 | Lair:2   | Reached skill level 1 in Evocations
 16391 | Lair:2   | Reached XP level 13. HP: 119/119 MP: 17/17
 16426 | Lair:2   | Found a staircase to the Swamp.
 16607 | Lair:3   | Identified the ring of Kasov {MP+9 Stlth+} (You found it in
                  | a Gauntlet)
 16704 | Lair:3   | Found a frozen archway.
 16724 | IceCv    | Entered an ice cave
 16956 | IceCv    | Reached skill level 14 in Long Blades
 17527 | IceCv    | Noticed a frost giant
 17535 | IceCv    | Killed a frost giant
 17667 | IceCv    | Identified the Guide on the Glacier
 17864 | Lair:3   | Found a staircase to the Snake Pit.
 18803 | Lair:4   | Noticed Kirke
 18819 | Lair:4   | Killed Kirke
 18820 | Lair:4   | Reached skill level 5 in Evocations
 19009 | Lair:4   | Got a dazzling dagger
 19101 | Lair:4   | Noticed Rupert
 19103 | Lair:4   | Paralysed by Rupert for 2 turns
 19115 | Lair:4   | Killed Rupert
 19116 | Lair:4   | Reached XP level 14. HP: 132/132 MP: 18/18
 19879 | Lair:5   | Identified the cursed +1 dagger of Spite {venom, Fragile
                  | +Inv rF- Str+8} (You found it on level 4 of the Lair of
                  | Beasts)
 19960 | Lair:5   | Noticed Grum
 19974 | Lair:5   | Killed Grum
 20169 | Lair:5   | Noticed Snorg
 20173 | Lair:5   | Killed Snorg
 20174 | Lair:5   | Reached skill level 15 in Long Blades
 20538 | Lair:5   | Noticed Nessos
 20556 | Lair:5   | Killed Nessos
 21028 | Lair:6   | Entered Level 6 of the Lair of Beasts
 21058 | Lair:6   | Reached skill level 1 in Shields
 21550 | Lair:6   | HP: 2/133 [dire elephant (23)]
 21747 | Lair:6   | Upgraded the game from bcrawl-1.37 to bcrawl-1.37.1
 21779 | Lair:6   | Found a viscous altar of Jiyva.
 21780 | Lair:6   | Found a staircase to the Slime Pits.
 22832 | Lair:6   | Reached XP level 15. HP: 139/139 MP: 19/21
 23248 | Lair:1   | Learned a level 3 spell: Ozocubu's Armour
 23310 | Orc      | Entered the Orcish Mines
 23328 | Orc      | Noticed an orc warlord
 23475 | D:8      | Killed an orc warlord
 23740 | Orc      | Noticed Nergalle
 23747 | Orc      | Killed Nergalle
 23748 | Orc      | Reached skill level 15 in Fighting
 23748 | Orc      | Noticed Blork the orc
 23757 | Orc      | Killed Blork the orc
 23999 | Orc      | Found Lizxog Qeimo's Book Boutique.
 24115 | Orc      | Found a roughly hewn altar of Beogh.
 24116 | Orc      | Noticed an orc warlord
 24138 | Orc      | HP: 7/141 [orc warlord/+0 glaive (27)]
 24307 | Orc      | Found a staircase to the Elven Halls.
 24399 | Orc      | Killed an orc warlord
 24488 | Orc      | Found Xitt's Jewellery Shoppe.
 24494 | Orc      | Bought the amulet of Memmuet {Regen SInv} for 518 gold
                  | pieces
 24504 | Orc      | Found Yzeofyil's Antique Weapon Shoppe.
 24530 | Orc      | Found Xubyjeos's General Store.
 24537 | Orc      | Bought a scroll of blinking for 105 gold pieces
 24537 | Orc      | Bought a potion of heal wounds for 70 gold pieces
 24537 | Orc      | Bought a scroll of teleportation for 42 gold pieces
 24722 | Orc      | Found Hogatim's Antique Armour Shoppe.
 24729 | Orc      | Bought a glowing buckler for 255 gold pieces
 26417 | D:12     | Entered Level 12 of the Dungeon
 26441 | D:12     | Reached skill level 16 in Long Blades
 26515 | D:12     | Found a blossoming altar of Fedhas.
 26892 | D:12     | Paralysed by a wizard for 4 turns
 26922 | D:12     | Found a gate to the Vaults.
 27145 | D:12     | Reached skill level 10 in Evocations
 27358 | D:12     | Reached XP level 16. HP: 130/149 MP: 23/23
 27406 | D:12     | Reached skill level 1 in Spellcasting
 27417 | D:12     | Found a staircase to the Depths.
 27475 | D:12     | Found Rubufedgh's Armour Boutique.
 27701 | Depths:1 | Entered Level 1 of the Depths
 27846 | Depths:1 | Found a gateway to Hell.
 27965 | Depths:1 | HP: 3/149 [hell knight/+2 great sword of draining (6)]
 27975 | Depths:2 | HP: 2/149 [fire giant/+1 great sword of flaming (6)]
 27976 | Depths:2 | Shot with an arrow by a centaur warrior

Skill      XL: |  1  2  3  4  5  6  7  8  9 10 11 12 13 14 15 16 |
---------------+-------------------------------------------------+-----
Throwing       | 2 |  2.0
Dodging        | 3 4 6 7 8 9 11 12 13 14 | 14.2
Long Blades    | 4 5 7 8 10 11 12 13 14 15 16 | 16.7
Fighting       | 4 5 6 7 8 9 11 12 14 15 | 15.0
Invocations    | 3 5 |  5.4
Evocations     | 1 5 8 10 | 10.2
Shields        | 3 4 |  4.7
Spellcasting   | 3 |  3.5

Action                   |  1- 3 |  4- 6 |  7- 9 | 10-12 | 13-15 | 16-18 || total
-------------------------+-------+-------+-------+-------+-------+-------++-------
Melee: Long sword        |   122 |   141 |   776 |   446 |       |       ||  1485
       Tailslap          |    15 |    21 |   103 |   207 |   312 |    52 ||   710
       Great sword       |       |       |       |   428 |   400 |       ||   828
       Scimitar          |       |       |       |       |   780 |   168 ||   948
Throw: Throwing net      |       |     3 |       |       |     3 |       ||     6
 Abil: Breathe Frost     |       |       |    11 |     5 |     3 |       ||    19
Evoke: Wand              |       |       |       |    10 |    18 |       ||    28
       Box of beasts     |       |       |       |       |     2 |       ||     2
       Sack of spiders   |       |       |       |       |     2 |       ||     2
  Use: Scroll            |       |     3 |     8 |    17 |    25 |     5 ||    58
       Potion            |       |     1 |     3 |     7 |     6 |     4 ||    21
 Stab: Held in net/web   |       |     1 |       |       |     1 |       ||     2
       Sleeping          |       |     1 |       |     3 |     6 |       ||    10
       Invisible         |       |       |       |     3 |       |       ||     3
       Distracted        |       |       |       |       |     5 |       ||     5
  Eat: Chunk             |     2 |     7 |    36 |    32 |    31 |     4 ||   112
       Ration            |       |     1 |     1 |     5 |     6 |       ||    13
Armor: Skin              |    48 |    43 |   303 |   211 |   204 |    16 ||   825
Dodge: Dodged            |    73 |    87 |   693 |  1043 |  1365 |   176 ||  3437
Block: Other             |     1 |     2 |    67 |   306 |   391 |    72 ||   839
       Buckler           |       |       |       |       |   430 |       ||   430
